 Dungeon Crawl Stone Soup version 0.23.2-33-g5129a83184 (webtiles) character file.

Game seed: 16801030458386640178

1760 Folque the Charmwright (level 8, -1/62 HPs)
             Began as a Centaur Skald on July 10, 2019.
             Killed by divine providence
             ... invoked by an orc priest
              (11 damage)
             ... on level 6 of the Dungeon.
             The game lasted 00:20:26 (7427 turns).

Folque the Charmwright (Centaur Skald)              Turns: 7427, Time: 00:20:27

Health: -1/62      AC:  9    Str: 14    XL:     8   Next: 79%
Magic:  8/12       EV:  9    Int: 13    God:
Gold:   277        SH:  0    Dex: 10    Spells: 2/13 levels left

rFire    . . .     SeeInvis .   H - +0 war axe
rCold    . . .     Gourm    .   (no shield)
rNeg     . . .     Faith    .   b - +0 leather armour
rPois    .         Spirit   .   q - +0 helmet
rElec    .         Reflect  .   t - +0 cloak
rCorr    .         Harm     .   p - +2 pair of gloves
MR       .....                  (no barding)
Stlth    ..........             (no amulet)
HPRegen  0.20/turn              (no ring)
MPRegen  0.13/turn              (no ring)

@: shrouded (expiring), singing, very quick
A: large, hooves 3, deformed body, speed 2, tough skin 3
a: no special abilities


You were on level 6 of the Dungeon.
You were hungry.

You visited 2 branches of the dungeon, and saw 7 of its levels.
You also visited: Sewer and Ossuary.

You collected 277 gold pieces.

Inventory:

Hand Weapons
 a - a +0 hand axe
 g - a +1 short sword of speed
 m - a +0 club
 H - a +0 war axe (weapon)
Armour
 b - a +0 leather armour (worn)
 c - a +0 robe of positive energy
 p - a +2 pair of gloves (worn)
 q - a +0 helmet (worn)
 s - a cursed -2 ring mail
 t - a +0 cloak (worn)
Jewellery
 h - an uncursed ring of wizardry {unknown}
 j - an uncursed ring of flight {unknown}
 o - an uncursed ring of resist corrosion {unknown}
 u - an uncursed ring of positive energy {unknown}
 G - a +2 ring of intelligence {unknown}
 J - a cursed -5 ring of intelligence {unknown}
Scrolls
 e - 2 scrolls of immolation
 f - 2 scrolls of fog {unknown}
 i - 5 scrolls of identify
 k - 5 scrolls of teleportation
 n - 3 scrolls of remove curse {unknown}
 v - 3 scrolls of fear {unknown}
 w - 2 scrolls of noise {unknown}
 x - a scroll of amnesia {unknown}
 y - a scroll of blinking {unknown}
 F - a scroll of enchant weapon {unknown}
 I - a scroll of magic mapping {unknown}
 K - a scroll of enchant armour {unknown}
Potions
 l - 2 potions of ambrosia {unknown}
 r - 4 potions of curing
 z - a potion of magic {unknown}
 A - a potion of flight
 B - a potion of agility {unknown}
 C - 2 potions of brilliance {unknown}
 D - a potion of invisibility {unknown}
 E - 2 potions of degeneration {unknown}
 M - 2 potions of haste
Comestibles
 d - 4 rations


   Skills:
 + Level 2.3 Fighting
 - Level 6.0 Axes
 + Level 0.6 Armour
 - Level 1.3 Dodging
 - Level 3.1 Spellcasting
 - Level 4.8 Hexes
 - Level 6.1 Charms
 + Level 1.0 Necromancy
 * Level 1.5 Translocations


You had 2 spell levels left.
You knew the following spells:

 Your Spells              Type           Power        Failure   Level  Hunger
a - Infusion              Chrm           ###.         2%          1    #......
b - Shroud of Golubria    Chrm/Tloc      ##........   9%          2    ##.....
c - Spectral Weapon       Hex/Chrm       ###.....     9%          3    ###....
d - Song of Slaying       Chrm           ###.....     3%          2    ##.....
e - Regeneration          Chrm/Necr      ##........   21%         3    ###....

Your spell library contained the following spells:

 Spells                   Type           Power        Failure   Level  Hunger


Dungeon Overview and Level Annotations

Branches:
Dungeon (6/15)             Temple (1/1) D:4

Altars:
Ashenzari
Cheibriados
Dithmenos
Fedhas
Gozag
Kikubaaqudgha
Makhleb
Okawaru
Qazlal
Ru
Sif Muna
Trog
Vehumet
Yredelemnul
Zin
The Shining One

Annotations:
D:4 2 runed translucent doors, ZanderAlix's ghost, weakling MiBe


Innate Abilities, Weirdness & Mutations

You have hooves in place of feet.
Armour fits poorly on your strangely shaped body.
You cover ground very quickly.
You have extremely tough skin. (AC +3)


Message History

The shadow imp hits you but does no damage.
A sky beast appears from thin air!
Reactivating autopickup.
You see here a scroll of identify.
The shadow imp gestures at you. Pain shoots through your body!
* * * LOW HITPOINT WARNING * * *
Found a ration.
You closely miss the shadow imp. Your kick misses the shadow imp.
You miss the sky beast.
Your shroud bends the sky beast's attack away.
Your shroud bends the shadow imp's attack away.
You hear a shout!
The shadow imp gestures at you. Pain shoots through your body!
* * * LOW HITPOINT WARNING * * *
Found 2 large rocks.
The orc priest mumbles some strange prayers to Beogh against you.
Beogh smites you!
You die...

######## #######......#
##### #....o'......#
###....####o#####......#
.........5.?.o..........
#........Y..########Y###
#(.%.....o..# #.#
#......@....# #o#
................ #.#
#...#+########## #Y# #.#
#o# # #{# #'# #...Z)...
........... ####.......


You could see an orc warrior, a sky beast, an orc priest, a shadow imp and an
orc.

Vanquished Creatures
  Sigmund (D:2)
  An ice beast (D:5)
  A phantom (D:4)
  2 ogres (D:4)
  2 centaurs
  A water moccasin zombie (Ossuary)
  2 howler monkeys (D:5)
  A crimson imp (D:5)
  A bullfrog zombie (D:5)
  A centaur skeleton (D:5)
  2 hounds (D:5)
  2 jellies (D:4)
  5 orc wizards
  A bullfrog skeleton (D:4)
  Crazy Yiuf (D:2)
  3 worker ants (D:5)
  3 big kobold zombies (Ossuary)
  A killer bee zombie (D:5)
  2 mummies (Ossuary)
  Robin (D:2)
  4 gnolls (D:5)
  A worker ant zombie (D:3)
  3 river rats (Sewer)
  5 adders
  A shadow imp (D:5)
  11 oozes
  6 adder zombies
  2 worms
  6 dart slugs
  3 leopard geckos
  15 orcs
  9 bats
  A giant cockroach (D:2)
  A gnoll zombie (Ossuary)
  13 hobgoblins
  4 jackals
  17 kobolds
  A quokka (D:6)
  10 ball pythons
  6 frilled lizards
  15 goblins
  A goblin zombie (D:4)
  7 hobgoblin zombies (Ossuary)
  5 kobold zombies (Ossuary)
  4 orc zombies (Ossuary)
  A quokka zombie (D:4)
  11 rats
  A butterfly (D:4)
198 creatures vanquished.

Vanquished Creatures (others)
  An orc zombie (Ossuary)
  A fungus (D:4)
  2 spectral weapons
  9 toadstools (D:4)
13 creatures vanquished.

Grand Total: 211 creatures vanquished

Notes
Turn   | Place    | Note
-------+----------+-------------------------------------------
     0 | D:1      | Folque the Centaur Skald began the quest for the Orb.
     0 | D:1      | Reached XP level 1. HP: 17/17 MP: 3/3
   183 | D:1      | Reached XP level 2. HP: 16/24 MP: 4/4
   578 | D:1      | Learned a level 2 spell: Shroud of Golubria
   767 | D:1      | Reached XP level 3. HP: 29/29 MP: 6/6
   775 | D:1      | Learned a level 3 spell: Spectral Weapon
  1408 | D:2      | Found a sacrificial altar of Ru.
  1411 | D:2      | Noticed Sigmund
  1427 | D:2      | Killed Sigmund
  1427 | D:2      | Reached XP level 4. HP: 16/36 MP: 4/8
  1427 | D:2      | Reached XP level 5. HP: 18/41 MP: 4/9
  1435 | D:2      | Learned a level 2 spell: Song of Slaying
  1455 | D:2      | Found a runed translucent door.
  1456 | D:2      | Noticed Crazy Yiuf
  1565 | D:2      | Noticed Robin
  1579 | D:2      | Killed Robin
  1579 | D:2      | Reached skill level 1 in Hexes
  1960 | D:2      | Found a basalt altar of Yredelemnul.
  2290 | D:2      | Reached XP level 6. HP: 45/48 MP: 10/10
  2295 | D:2      | Learned a level 3 spell: Regeneration
  2402 | D:2      | Killed Crazy Yiuf
  2444 | D:3      | Found a glowing drain.
  3090 | Sewer    | Entered a sewer
  3548 | D:4      | Found a staircase to the Ecumenical Temple.
  3654 | D:4      | Found a sand-covered staircase.
  3662 | Ossuary  | Entered an ossuary
  3849 | Ossuary  | Reached XP level 7. HP: 55/55 MP: 0/11
  4570 | D:4      | Found a blossoming altar of Fedhas.
  5306 | D:4      | Reached skill level 5 in Axes
  5306 | D:4      | Reached XP level 8. HP: 41/61 MP: 5/12
  5384 | D:4      | Found a runed translucent door.
  5387 | D:4      | Noticed ZanderAlix's ghost (weakling MiBe)
  5421 | D:4      | Found a runed translucent door.
  5442 | D:4      | Reached skill level 5 in Charms
  5641 | Temple   | Entered the Ecumenical Temple
  6177 | D:5      | Entered Level 5 of the Dungeon
  6212 | D:5      | Found a burning altar of Makhleb.
  7078 | D:5      | Reached skill level 1 in Translocations
  7158 | D:5      | Found a glowing silver altar of Zin.
  7373 | D:6      | Reached skill level 1 in Necromancy
  7427 | D:6      | Killed from afar by an orc priest

Skill      XL: |  1  2  3  4  5  6  7  8 |
---------------+-------------------------+-----
Axes           | 2 3 5 6 |  6.0
Charms         | 3 4 6 |  6.1
Spellcasting   | 2 3 |  3.1
Hexes          | 1 2 4 |  4.8
Translocations | 1 |  1.5
Necromancy     | 1 |  1.0
Fighting       | |  2.3
Armour         | |  0.6
Dodging        | |  1.3

Action                   |  1- 3 |  4- 6 |  7- 9 || total
-------------------------+-------+-------+-------++-------
Melee: Hand axe          |    47 |   193 |   154 ||   394
       Short sword       |    52 |       |       ||    52
       Kick              |    18 |    24 |    48 ||    90
       War axe           |       |       |    96 ||    96
 Cast: Spectral Weapon   |     2 |     4 |    18 ||    24
       Infusion          |     1 |    14 |    12 ||    27
       Shroud of Golubri |     1 |       |     2 ||     3
       Song of Slaying   |       |     3 |    15 ||    18
  Use: Potion            |     2 |       |     3 ||     5
       Scroll            |       |     3 |       ||     3
  Eat: Chunk             |     1 |     8 |     6 ||    15
       Ration            |       |       |     2 ||     2
Armor: Leather armour    |    25 |    86 |   122 ||   233
Dodge: Dodged            |    40 |   100 |   117 ||   257
